AoeStats
← CoronaVirus

Black Forest

510014979Analyzed
4v4 RM · 4d ago on Sep 29, 2026· 43m 0s· 8 players
Game mode
Random Map
Map size
Large (8 player)
Population
200
Speed
Normal
Resources
Standard
Victory
Conquest
Starting age
Dark Age
Ending age
Imperial Age
RankedLock teamsTeams togetherTeam positionsShared explorationLock speedFull tech treeHidden civsTurbo modeCheats
Victory
Defeat
🇦🇺 Britons · Australia
1124
+11
🇨🇳 Varangians · China
1074
+12
🇨🇳 Khmer · China
987
+16
🇦🇺 Persians · Australia
928
+19
🇫🇷 Mongols · France
1026
-16
🇦🇷 Britons · Argentina
997
-15
🇭🇷 Britons · Croatia
982
-14
🇺🇸 Vikings · United States
959
-13
CoronaVirus
2:24 Loom
14:10 Feudal Age
20:52 Castle Age
19:10 Horse Collar
19:18 Double-Bit Axe
19:26 Gold Mining
20:05 Stone Mining
22:17 Caravan
22:21 Heavy Plow
22:34 Bow Saw
25:10 Gold Shaft Mining
27:46 Town Watch
31:21 Imperial Age
28:46 Man-at-Arms
29:26 Squires
29:30 Long Swordsman
29:56 Arson
30:44 Forging
30:35 Scale Mail Armor
32:37 Crop Rotation
32:56 Iron Casting
32:49 Conscription
32:40 Two-Handed Swordsman
33:39 Chain Mail Armor
33:51 Champion
36:47 Blast Furnace
36:48 Elite Varangian Guard
38:00 Plate Mail Armor
39:33 Chieftains
francis le tueur
1:58 Loom
12:43 Feudal Age
17:48 Castle Age
15:37 Double-Bit Axe
15:35 Horse Collar
15:57 Gold Mining
16:25 Stone Mining
18:19 Wheelbarrow
23:16 Caravan
34:14 Imperial Age
35:17 Conscription
34:21 Elite Mangudai
35:24 Drill
35:26 Bow Saw
35:20 Heavy Plow
35:56 Gold Shaft Mining
36:10 Stone Shaft Mining
36:21 Drill
36:05 Onager
37:05 Fletching
37:17 Padded Archer Armor
38:24 Bodkin Arrow
38:45 Leather Archer Armor
39:38 Bracer
41:07 Chemistry
40:28 Ballistics
40:15 Siege Engineers
41:31 Husbandry
41:42 Bloodlines
Séneca
1:36 Loom
13:21 Feudal Age
17:06 Castle Age
15:50 Double-Bit Axe
16:27 Horse Collar
18:47 Bow Saw
19:51 Wheelbarrow
25:24 Heavy Plow
31:16 Imperial Age
28:58 Gold Mining
33:59 Two-Man Saw
33:40 Gold Shaft Mining
32:46 Pikeman
33:52 Fletching
34:31 Conscription
Dino
5:23 Loom
10:47 Feudal Age
11:55 Double-Bit Axe
12:36 Horse Collar
19:04 Castle Age
17:34 Fletching
19:48 Bodkin Arrow
20:15 Bow Saw
20:06 Heavy Plow
21:00 Crossbowman
22:53 Ballistics
23:55 Gold Mining
28:22 Gold Shaft Mining
32:25 Imperial Age
31:55 Wheelbarrow
31:14 Stone Mining
32:07 Town Watch
33:10 Hand Cart
34:56 Two-Man Saw
33:59 Arbalester
34:05 Arbalester
34:50 Bracer
36:31 Chemistry
36:35 Padded Archer Armor
36:49 Masonry
36:20 Treadmill Crane
36:36 Murder Holes
37:33 Conscription
37:38 Leather Archer Armor
37:39 Elite Skirmisher
39:03 Ring Archer Armor
39:11 Architecture
39:23 Coinage
Mr_Fox
12:12 Feudal Age
20:21 Castle Age
18:20 Double-Bit Axe
25:03 Horse Collar
30:08 Imperial Age
28:31 Wheelbarrow
28:02 Stone Mining
28:04 Gold Mining
30:00 Loom
30:31 Hand Cart
30:37 Bow Saw
30:29 Heavy Plow
30:20 Town Watch
31:42 Ballistics
32:23 Chemistry
33:40 Two-Man Saw
33:20 Gold Shaft Mining
33:05 Padded Archer Armor
32:56 Fletching
33:10 Town Patrol
34:59 Hoardings
36:23 Leather Archer Armor
36:04 Bodkin Arrow
36:55 Warwolf
37:44 Ring Archer Armor
38:11 Elite Longbowman
40:02 Yeomen
40:20 Bracer
41:10 Treadmill Crane
41:36 Siege Engineers
365185124
11:06 Feudal Age
14:54 Castle Age
13:05 Double-Bit Axe
13:17 Horse Collar
17:04 Heavy Plow
20:38 Wheelbarrow
21:23 Bow Saw
23:02 Loom
25:38 Gold Mining
25:41 Stone Mining
27:32 Scale Barding Armor
27:38 Forging
27:44 Bloodlines
27:35 Husbandry
29:11 Stone Shaft Mining
29:05 Chain Barding Armor
29:28 Hand Cart
31:50 Imperial Age
29:03 Vendel Legacy
30:29 Iron Casting
30:23 Fletching
31:40 Town Watch
31:58 Bodkin Arrow
32:10 Cavalier
33:42 Plate Barding Armor
34:08 Blast Furnace
33:18 Siege Engineers
34:01 Conscription
36:14 Elite Jarl
36:14 Gothikon
37:20 Light Cavalry
38:42 Bracer
38:44 Caravan
38:57 Guilds
40:20 Two-Man Saw
39:53 Crop Rotation
39:27 Scale Mail Armor
39:44 Fervor
41:11 Town Patrol
41:05 Treadmill Crane
42:26 Chemistry
41:47 Ballistics
41:46 Chain Mail Armor
41:32 Padded Archer Armor
41:02 Gothikon
41:06 Elite Varangian Guard
41:47 Squires
41:33 Arson
41:34 Gambesons
41:13 Hussar
42:31 Devotion
42:56 Illumination
42:32 Atonement
43:07 Coinage
42:54 Man-at-Arms
Roosterdog
5:30 Loom
10:54 Feudal Age
15:37 Castle Age
15:14 Stone Mining
15:12 Double-Bit Axe
15:11 Horse Collar
23:10 Bow Saw
28:04 Heavy Plow
28:29 Gold Mining
32:39 Imperial Age
30:04 Fletching
30:14 Padded Archer Armor
30:31 Forging
30:21 Scale Mail Armor
31:00 Gold Shaft Mining
31:46 Scale Barding Armor
32:16 Iron Casting
32:23 Stone Shaft Mining
33:16 Elite War Elephant
35:14 Two-Man Saw
34:45 Ballistics
35:26 Chemistry
37:50 Caravan
38:20 Coinage
39:00 Bloodlines
38:50 Husbandry
猪头
2:29 Loom
12:29 Feudal Age
16:31 Castle Age
14:52 Horse Collar
14:57 Double-Bit Axe
23:26 Bloodlines
26:18 Wheelbarrow
26:00 Bow Saw
27:03 Town Watch
28:28 Heavy Plow
31:49 Imperial Age
30:15 Husbandry
30:42 Tusk Swords
31:30 Ballistics
31:21 Masonry
32:28 Scale Barding Armor
33:54 Chemistry
33:45 Conscription
34:44 Architecture
35:00 Elite Ballista Elephant
36:13 Elite Ballista Elephant
38:38 Siege Engineers
38:45 Fortified Wall
38:31 Murder Holes
37:59 Light Cavalry
40:12 Chain Barding Armor
40:04 Forging
41:50 Crop Rotation
41:12 Gold Mining
41:13 Stone Mining
42:07 Double Crossbow
43:09 Iron Casting
43:24 Caravan
Connection lost

Rejoining the realm…

Still unreachable

The connection could not be restored.

Session expired

The server has moved on; the page needs a fresh start.